 Dungeon Crawl Stone Soup version 0.27-a0-553-ge0ab5a2769 (webtiles) character file.

Game seed: 5074786107990748142

126 Garpagan the Chopper (level 5, 0/47 HPs)
             Began as a Hill Orc Fighter on Mar 8, 2021.
             Slain by a scorpion (2 damage)
             ... on level 4 of the Dungeon.
             The game lasted 00:12:23 (2469 turns).

Garpagan the Chopper (Hill Orc Fighter)             Turns: 2469, Time: 00:12:32

Health: 0/47       AC: 10    Str: 22    XL:     5   Next: 10%
Magic:  5/5        EV:  7    Int:  8    God:
Gold:   232        SH: 14    Dex: 10    Spells: 4/4 levels left

rFire    + . .     SeeInvis .   a - +0 war axe
rCold    . . .     Faith    .   c - +0 kite shield
rNeg     . . .     Spirit   .   b - +0 scale mail
rPois    .         Reflect  +   s - +1 helmet
rElec    .         Harm     .   (no cloak)
rCorr    .         Rampage  .   (no gloves)
Will     .....                  (no boots)
Stlth    ..........             t - amulet of reflection
HPRegen  0.15/turn              (no ring)
MPRegen  0.09/turn              (no ring)

@: lethally poisoned (0 -> -22)
A: rugged brown scales 1, fire resistance 1, sense surroundings 1, strong 1
a: no special abilities


You were on level 4 of the Dungeon.
You visited 1 branch of the dungeon, and saw 4 of its levels.

You collected 232 gold pieces.

Inventory:

Hand Weapons
 a - a +0 war axe (weapon)
 e - a +0 whip of venom
Armour
 b - a +0 scale mail (worn)
 c - a +0 kite shield (worn)
 s - a +1 helmet (worn)
Jewellery
 o - an amulet of magic regeneration
 t - an amulet of reflection (around neck)
Scrolls
 f - a scroll of fear {unknown}
 i - 3 scrolls of magic mapping {unknown}
 k - a scroll of noise {unknown}
 n - 2 scrolls of identify {unknown}
 r - 2 scrolls of teleportation {unknown}
 u - a scroll of fog {unknown}
Potions
 d - a potion of might
 g - a potion of magic {unknown}
 h - a potion of invisibility {unknown}
 j - a potion of degeneration {unknown}
 l - a potion of lignification {unknown}
 m - a potion of curing {unknown}
 p - a potion of heal wounds {unknown}


   Skills:
 + Level 4.3 Fighting
 + Level 4.7 Axes
 + Level 3.8 Armour
 + Level 0.5 Dodging
 + Level 4.1 Shields


You had 4 spell levels left.
You didn't know any spells.
Your spell library contained the following spells:

 Spells                   Type           Power      Damage    Failure   Level
 Animate Skeleton         Necr           0%         N/A       99%         1
 Apportation              Tloc           0%         N/A       99%         1
 Corona                   Hex            0%         N/A       99%         1
 Summon Small Mammal      Summ           0%         N/A       99%         1


Dungeon Overview and Level Annotations

Branches:
Dungeon (4/15)
 Temple: D:4-7

Altars:
Gozag
Makhleb
Okawaru
Qazlal
Yredelemnul


Innate Abilities, Weirdness & Mutations

You are partially covered in rugged brown scales. (AC +1, +3% HP)
Your flesh is heat resistant. (rF+)
You passively map a small area around you.
Your muscles are strong. (Str +2)


Message History

The gnoll is almost dead.
You hit the scorpion but do no damage. You hit the ooze but do no damage.
You feel very sick. You block the scorpion's attack.
The gnoll hits you but does no damage.
You are lethally poisoned!
You block the ooze's attack. The scorpion stings you.
You are more poisoned.
The scorpion poisons you!
You hit the gnoll.
You kill the gnoll!
You slash the ooze! You closely miss the scorpion.
You feel very sick. The ooze hits you but does no damage.
The scorpion barely misses you. The ooze hits you but does no damage.
You have reached level 5!
You feel stronger.
You slash the scorpion!
The scorpion is heavily wounded.
You hit the ooze.
You kill the ooze!
You feel very sick. The scorpion barely misses you. The scorpion stings you.
* * * LOW HITPOINT WARNING * * *
You hit the scorpion but do no damage.
The scorpion is heavily wounded.
* * * LOW HITPOINT WARNING * * *
You feel very sick. You block the scorpion's attack.
You slash the scorpion!
The scorpion is almost dead.
* * * LOW HITPOINT WARNING * * *
You feel very sick. You block the scorpion's attack. x2
It was a potion of mutation.
You feel extremely strange.
You feel a strange attunement to the structure of the dungeons.
Rugged brown scales grow over part of your body.
You feel resistant to heat.
You feel stronger.
* * * LOW HITPOINT WARNING * * *
You feel sick. The scorpion stings you.
You die...

, * ##, , , ,
.#,, [ , ## **
###.# .. ,
..., .... ...
,
,....###..##..
, , #.......$.
, #.....s.###
, , , *
#)@...#* *
#.....#.#*
#####.# * .#
.. ### *


You could see a scorpion.

Vanquished Creatures
  5 gnolls
  2 adders
  An ooze (D:4)
  A dart slug (D:3)
  A leopard gecko (D:1)
  3 orcs
  2 giant cockroaches
  9 goblins
  6 hobgoblins
  2 ball pythons
  8 bats
  3 frilled lizards
  9 kobolds
  3 rats
55 creatures vanquished.

Notes
Turn   | Place    | Note
-------+----------+-------------------------------------------
     0 | D:1      | Garpagan the Hill Orc Fighter began the quest for the Orb.
     0 | D:1      | Reached XP level 1. HP: 19/19 MP: 1/1
   264 | D:1      | Reached XP level 2. HP: 19/27 MP: 2/2
  1185 | D:2      | Reached XP level 3. HP: 33/33 MP: 3/3
  1186 | D:2      | Found an iron altar of Okawaru.
  1372 | D:2      | Found a burning altar of Makhleb.
  1497 | D:2      | Reached XP level 4. HP: 34/40 MP: 4/4
  1511 | D:2      | Found an iron altar of Okawaru.
  1665 | D:2      | Found an opulent altar of Gozag.
  2347 | D:3      | Found a basalt altar of Yredelemnul.
  2347 | D:3      | Found a stormy altar of Qazlal.
  2466 | D:4      | Reached XP level 5. HP: 19/46 MP: 5/5
  2469 | D:4      | Gained mutation: You passively map a small area around you.
                  | [potion of mutation]
  2469 | D:4      | Gained mutation: You are partially covered in rugged brown
                  | scales. (AC +1, +3% HP) [potion of mutation]
  2469 | D:4      | Gained mutation: Your flesh is heat resistant. (rF+)
                  | [potion of mutation]
  2469 | D:4      | Gained mutation: Your muscles are strong. (Str +2) [potion
                  | of mutation]
  2469 | D:4      | HP: 2/47 [poisoned by a scorpion]
  2469 | D:4      | Slain by a scorpion

Illustrated notes

Levels and vault maps discovered:
D:1:      dpeg_arrival_circle_labyrinth_c, layout_loops_ring
D:2:      layout_loops_cross, nicolae_gozag_cash_rules_everything_around_me,
          old_standard_altar, overflow_temple_1_default,
          okawaru_altar_gauntlet_db
D:3:      layout_rooms, gammafunk_temple_overflow_elements
D:4:      layout_basic, nicolae_overflow_hidden_temple, uniq_ijyb, uniq_robin,
          uniq_grinder

Skill      XL: |  1  2  3  4 |
---------------+-------------+-----
Axes           | 3 4 |  4.7
Fighting       | 4 |  4.3
Shields        | 4 |  4.1
Armour         | |  3.8
Dodging        | |  0.5

Action                   |  1- 3 |  4- 6 || total
-------------------------+-------+-------++-------
Melee: War axe           |   103 |    58 ||   161
  Use: Potion            |       |     1 ||     1
Armor: Scale mail        |    60 |    31 ||    91
Dodge: Dodged            |    41 |    13 ||    54
Block: Kite shield       |    65 |    60 ||   125

Table legend: (Time is in decaauts)
 A = Elapsed time spent in this place.
 B = Non-inter-level travel time spent in this place.
 C = Inter-level travel time spent in this place.
 D = Time resting spent in this place.
 E = Time spent auto-exploring this place.
 F = Levels seen in this place.
 G = Mean time per level.
                   A        B        C        D        E       F      G
               +--------+--------+--------+--------+--------+-----+--------+
         Total |   2560 |   2560 |      0 |     84 |   1480 |   4 |  640.0 |
       Dungeon |   2560 |   2560 |      0 |     84 |   1480 |   4 |  640.0 |
               +--------+--------+--------+--------+--------+-----+--------+

Top non-repeatable levels by time:
     D:1: 1031 daAuts
     D:2: 929 daAuts
     D:3: 582 daAuts
     D:4: 16 daAuts
